 Dungeon Crawl Stone Soup version 0.28-b1-25-g9875b3fc8c (webtiles) character file.

Game seed: 1616866900821121683

67 croobank the Conjurer (level 4, -3/27 HPs)
             Began as an Octopode Conjurer on Feb 2, 2022.
             Slain by a sky beast (5 damage)
             ... on level 3 of the Dungeon.
             The game lasted 00:08:30 (2101 turns).

croobank the Conjurer (Octopode Conjurer)           Turns: 2101, Time: 00:08:30

Health: -3/27      AC:  1    Str:  6    XL:     4   Next: 18%
Magic:  1/7        EV: 13    Int: 22    God:
Gold:   134        SH:  0    Dex: 10    Spells: 1/7 levels left

rFire   . . .      SeeInvis .   a - +2 dagger (pain)
rCold   . . .      Faith    .   (no shield)
rNeg    . . .      Spirit   .   (helmet restricted)
rPois   .          Reflect  .   (no amulet)
rElec   .          Harm     .   (no ring)
rCorr   .          Rampage  .   (no ring)
Will    .....                   (no ring)
Stlth   +++.......              (no ring)
HPRegen 0.09/turn               (no ring)
MPRegen 0.10/turn               (no ring)
                                (no ring)
                                (no ring)

@: no status effects
A: almost no armour, amphibious, 8 rings, camouflage 1, gelatinous body 1,
(nimble swimmer 1), tentacles
a: no special abilities


You were on level 3 of the Dungeon.
You visited 1 branch of the dungeon, and saw 3 of its levels.

You collected 134 gold pieces.

Inventory:

Hand Weapons
 a - a +2 dagger of pain (weapon)
 b - a +0 hunting sling
Missiles
 d - 16 bolts
 h - 69 stones
Jewellery
 j - an amulet of guardian spirit
Scrolls
 c - a scroll of fog {unknown}
 e - a scroll of enchant weapon {unknown}
 f - a scroll of blinking {unknown}
 k - 3 scrolls of identify {unknown}
 l - 2 scrolls of teleportation {unknown}
Potions
 g - 2 potions of curing {unknown}
 i - a potion of ambrosia {unknown}
 m - a potion of brilliance {unknown}
 n - a potion of degeneration {unknown}
 o - a potion of might {unknown}


   Skills:
 + Level 0.8 Maces & Flails
 + Level 2.5 Dodging
 + Level 3.0 Stealth
 + Level 2.4 Spellcasting
 + Level 4.8 Conjurations


You had one spell level left.
You knew the following spells:

 Your Spells              Type           Power      Damage    Failure   Level
a - Magic Dart            Conj           92%        1d7       1%          1
b - Searing Ray           Conj           46%        2d6       2%          2
c - Dazzling Flash        Conj/Hex       26%        N/A       14%         3

Your spell library contained the following spells:

 Spells                   Type           Power      Damage    Failure   Level
 Fulminant Prism          Conj/Hex       6%         3d7       43%         4
 Iskenderun's Mystic Bla  Conj/Tloc      13%        2d5       43%         4


Dungeon Overview and Level Annotations

Branches:
Dungeon (3/15)

Altars:


Innate Abilities, Weirdness & Mutations

You cannot wear most types of armour.
You are amphibious.
You can wear up to eight rings at the same time.
Your skin changes colour to match your surroundings (Stealth+).
Your rubbery body absorbs attacks. (AC +1, EV +1)
((You are camouflaged when in or above water. (Stealth+)))
You have tentacles for arms and can constrict up to eight enemies at once.


Message History

Press: ? - help, Shift-Dir - straight line, f/p - sky beast
Aim: a sky beast (heavily wounded, 100% to hit)
The magic dart hits the sky beast but does no damage.
The sky beast is heavily wounded.
Casting: Magic Dart (safe; 1% risk of failure)
Confirm with . or Enter, or press ? or * to list all spells.
The spell is quite dangerous to miscast (14% risk of failure)!
Continue anyway?
Casting: Dazzling Flash (quite dangerous; 14% risk of failure)
Press: ? - help, Dir - look around, f - activate The sky beast is dazzled.
You closely miss the sky beast.
The sky beast is heavily wounded.
You hit the sky beast but do no damage. Your squeeze misses the sky beast.
The sky beast is heavily wounded.
The sky beast barely misses you.
You closely miss the sky beast. Your squeeze misses the sky beast.
The sky beast is heavily wounded.
The sky beast closely misses you.
You hit the sky beast but do no damage.
The sky beast is heavily wounded.
The sky beast barely misses you.
You closely miss the sky beast.
The sky beast is heavily wounded.
The sky beast is no longer blind.
The sky beast closely misses you.
You hit the sky beast. Your squeeze misses the sky beast.
The sky beast is heavily wounded.
The sky beast hits you. The sky beast shocks you.
You hit the sky beast.
The sky beast is heavily wounded.
The sky beast hits you. The sky beast shocks you.
You closely miss the sky beast. You squeeze the sky beast.
The sky beast is severely wounded.
The sky beast hits you. The sky beast shocks you.
* * * LOW HITPOINT WARNING * * *
You closely miss the sky beast.
The sky beast is severely wounded.
The sky beast hits you.
* * * LOW HITPOINT WARNING * * *
The sky beast shocks you.
You die...

#........ .....≈≈.
#........ #......#
#........
#......#####........
.#............)......
#.#......####.######..
#.# ...... #.# #..
##.###Y###.###.## #..
###.....@.........##
##..
....##.###.###.##..#
#... #
#.#...........#.## #.#.
#...##.###.##...# #.#.
##.#.#.......#.#.## #.#.
#..#... #.# ...#..###.#.
##.#.#.#...#.#.#.#..#.#.
#...#... ...#...##.#.##
##.#.#.#...#.#.#.#..#.


You could see a sky beast.

Vanquished Creatures
  An adder (D:2)
  A dart slug (D:2)
  An orc (D:2)
  5 ball pythons
  4 endoplasms (D:1)
  2 giant cockroaches (D:1)
  7 goblins
  7 hobgoblins
  3 jackals (D:2)
  3 kobolds
  3 quokkas
  4 bats
  6 frilled lizards
  4 rats
51 creatures vanquished.

Notes
Turn   | Place    | Note
-------+----------+-------------------------------------------
     0 | D:1      | croobank the Octopode Conjurer began the quest for the Orb.
     0 | D:1      | Reached XP level 1. HP: 11/11 MP: 3/3
   107 | D:1      | Reached XP level 2. HP: 15/17 MP: 0/5
   158 | D:1      | Learned a level 2 spell: Searing Ray
   529 | D:1      | Reached XP level 3. HP: 20/21 MP: 6/6
   816 | D:2      | Learned a level 3 spell: Dazzling Flash
   910 | D:2      | Found a faded altar of an unknown god.
  1311 | D:2      | Reached XP level 4. HP: 23/27 MP: 3/7
  2086 | D:3      | Noticed a sky beast
  2101 | D:3      | Slain by a sky beast

Illustrated notes

Levels and vault maps discovered:
D:1:      scummos_arrival_star, layout_rooms
D:2:      layout_loops_ring, hellmonk_ecumenical_altar_run_dry
D:3:      layout_basic, serial_rivers, chequers_serial_rivers_room_a,
          chequers_serial_rivers_small_b, chequers_serial_rivers_small_b,
          chequers_serial_rivers_small_3, nicolae_concentric_dashed_squares_mild

Skill      XL: |  1  2  3 |
---------------+----------+-----
Stealth        | 3 |  3.0
Maces & Flails | |  0.8
Dodging        | |  2.5
Spellcasting   | |  2.4
Conjurations   | |  4.8

Action                   |  1- 3 |  4- 6 || total
-------------------------+-------+-------++-------
Melee: Whip              |    13 |       ||    13
       Unarmed           |     2 |       ||     2
       Constrict         |     9 |     1 ||    10
       Tentacles         |    12 |     2 ||    14
       Dagger            |    28 |    10 ||    38
       Punch             |     1 |       ||     1
 Cast: Magic Dart        |    42 |    15 ||    57
       Searing Ray       |     4 |       ||     4
       Dazzling Flash    |       |     1 ||     1
 Stab: Sleeping          |     2 |       ||     2
Armor: Skin              |     1 |       ||     1
Dodge: Dodged            |    33 |     6 ||    39
